 Dungeon Crawl Stone Soup version 0.17-a0-1572-g7a1422d (webtiles) character file.

3243 karlkraus the Protected (level 9, 0/81 HPs)
             Began as a Minotaur Fighter on July 24, 2015.
             Slain by a spiny frog (1 damage)
             ... on level 1 of the Lair of Beasts.
             The game lasted 00:30:04 (6801 turns).

karlkraus the Protected (Minotaur Fighter)          Turns: 6801, Time: 00:30:04

Health: 0/81       AC: 16    Str: 24    XL:     9   Next: 67%
Magic:  8/8        EV:  9    Int:  5    God:
Gold:   384        SH:  0    Dex: 10    Spells: 0 memorised, 8 levels left

rFire  . . .     SeeInvis .     a - +3 dire flail
rCold  . . .     Clarity  .     M - +0 plate armour
rNeg   + . .     SustAt   +     (no shield)
rPois  .         Gourm    .     (helmet restricted)
rElec  .         Spirit   .     t - +0 cloak
rCorr  .         Warding  +     k - +0 pair of gloves
rMut   .         Stasis   .     (no boots)
MR     .....                    q - amulet of warding
Stlth  ..........               A - +1 ring of evasion
                                x - ring of sustain attributes

@: about to teleport, not resistant to hostile enchantments, extremely
unstealthy
A: retaliatory headbutt, horns 2
a: no special abilities


You were on level 1 of the Lair of Beasts.
You were near starving.

You visited 2 branches of the dungeon, and saw 9 of its levels.

You collected 384 gold pieces.

Inventory:

Hand weapons
 a - a +3 dire flail (weapon)
 b - a +0 war axe of freezing
 s - a +2 quarterstaff of chaos
 u - a +2 hammer
 K - a +2 flail
Missiles
 f - 6 poisoned needles
Armour
 c - a +0 shield
 k - a +0 pair of gloves (worn)
 t - a +0 cloak (worn)
 M - a +0 plate armour (worn)
 P - a +0 plate armour
Jewellery
 q - an amulet of warding (around neck)
 x - a ring of sustain attributes (left hand)
 A - a +1 ring of evasion (right hand)
 J - a +3 ring of protection {unknown}
 V - an uncursed ring of protection from fire {unknown}
Magical devices
 y - a wand of frost (30)
 z - a wand of enslavement (8)
 I - a wand of slowing (27)
 Q - a wand of enslavement (21)
Scrolls
 d - a scroll of immolation {unknown}
 g - a scroll of amnesia
 i - 2 scrolls of teleportation
 n - 2 scrolls of enchant armour {unknown}
 o - a scroll of fog {unknown}
 p - a scroll of fear
 E - 2 scrolls of magic mapping {unknown}
 R - a scroll of recharging {unknown}
Potions
 j - 2 potions of cancellation {unknown}
 l - 2 potions of degeneration {unknown}
 m - 4 potions of curing {unknown}
 v - 3 potions of heal wounds {unknown}
 B - a potion of cure mutation {unknown}
 C - a potion of resistance {unknown}
 D - 2 potions of ambrosia {unknown}
 H - a potion of mutation {unknown}
 L - a potion of might
 O - a potion of agility {unknown}
 S - a potion of haste {unknown}
 T - a potion of brilliance {unknown}
Books
 w - a book of Beasts

   Spells                             Type                      Level
   a - Summon Butterflies             Summoning                    1
   b - Call Canine Familiar           Summoning                    3
   c - Summon Ice Beast               Ice/Summoning                4
   d - Summon Mana Viper              Hexes/Summoning              5
   e - Summon Hydra                   Summoning                    7
 G - an Akashic Record

   Spells                             Type                      Level
   a - Dispersal                      Translocation                6
   b - Controlled Blink               Translocation                7
   c - Malign Gateway                 Summoning/Translocation      7
   d - Disjunction                    Translocation                8
 N - a Young Poisoner's Handbook

   Spells                             Type                      Level
   a - Sting                          Conjuration/Poison           1
   b - Cure Poison                    Poison                       2
   c - Mephitic Cloud                 Conjuration/Poison/Air       3
   d - Olgreb's Toxic Radiance        Poison                       4
   e - Venom Bolt                     Conjuration/Poison           5
 U - a book of Flames

   Spells                             Type                      Level
   a - Flame Tongue                   Conjuration/Fire             1
   b - Throw Flame                    Conjuration/Fire             2
   c - Conjure Flame                  Conjuration/Fire             3
   d - Inner Flame                    Hexes/Fire                   3
   e - Sticky Flame                   Conjuration/Fire             4
   f - Fireball                       Conjuration/Fire             5
Comestibles
 e - 9 bread rations
 h - 4 meat rations
 r - 3 slices of pizza
 F - 2 royal jellies
 W - 8 fruits


   Skills:
 + Level 8.0 Fighting
 + Level 8.9 Maces & Flails
 + Level 9.0 Armour
 + Level 2.8 Dodging
 + Level 1.0 Stealth
 + Level 8.8 Shields


You had 8 spell levels left.
You didn't know any spells.

Dungeon Overview and Level Annotations

Branches:
Dungeon (8/15)             Temple (0/1) D:7            Lair (1/8) D:8

Altars:
Cheibriados
Dithmenos
Gozag
Kikubaaqudgha
Sif Muna
Yredelemnul
Zin

Shops:
D:6 [


Innate Abilities, Weirdness & Mutations

You reflexively headbutt those who attack you in melee.
You have a pair of horns on your head.


Message History

The fire drake bites you but does no damage.
The spiny frog stings you but does no damage.
You puncture the spiny frog!
You headbutt the spiny frog, but do no damage.
The spiny frog is severely wounded.
The spiny frog stings you!
* * * LOW HITPOINT WARNING * * *
The fire drake breathes flames at you. The blast of flame hits you!
* * * LOW HITPOINT WARNING * * *
Read which item? (? for menu, Esc to quit)
As you read the scroll of teleportation, it crumbles to dust.
You feel strangely unstable.
The plant is destroyed!
The spiny frog closely misses you. The fire drake breathes flames at you.
The blast of flame hits you!
* * * LOW HITPOINT WARNING * * *
The spiny frog stings you.
You die...

#.......##### #..
###...P...#.#.# #..
#.............. #...
##............. #....##
#.......#.###.
#....#.#####........## ##
....................## #.
#......k...........PP####
#..$...F@................
#........................
#.......#.####.#####...##
..####..### ### #..## #
##.# #...# #.# #..## #.#
##..# #.# ####...#
P.########.#.#..###


You could see a spiny frog and a fire drake.

Vanquished Creatures
  A spiny frog (Lair:1)
  Grinder (D:5)
  A wyvern (D:8)
  2 porcupines (Lair:1)
  Duvessa (D:5)
  3 orc warriors
  A water moccasin (Lair:1)
  A centaur (D:7)
  A necrophage (D:8)
  A crocodile (Lair:1)
  3 ogres
  4 giant frogs
  Dowan (D:5)
  A scorpion (D:5)
  5 wights (D:6)
  An orc priest (D:6)
  A centaur skeleton (D:5)
  2 crimson imps
  A jelly (D:5)
  Crazy Yiuf (D:2)
  2 giant frog skeletons
  6 orc wizards
  4 worker ants
  A hound (D:6)
  2 iguanas
  A mummy (D:7)
  5 adders
  6 river rats (Lair:1)
  A shadow imp (D:6)
  2 adder skeletons
  2 worms
  6 giant geckos
  21 orcs
  A ball python (D:5)
  A bat zombie (D:5)
  4 giant cockroaches (D:1)
  14 hobgoblins
  5 jackals
  10 kobolds
  A quokka (D:5)
  7 bats
  5 giant newts
  14 goblins
  A quokka zombie (D:6)
  12 rats
167 creatures vanquished.

Vanquished Creatures (others)
  A plant (Lair:1)
1 creature vanquished.

Grand Total: 168 creatures vanquished

Notes
Turn   | Place    | Note
--------------------------------------------------------------
     0 | D:1      | karlkraus the Minotaur Fighter began the quest for the Orb.
     0 | D:1      | Reached XP level 1. HP: 19/19 MP: 0/0
   127 | D:1      | Reached XP level 2. HP: 27/27 MP: 1/1
   147 | D:1      | Reached skill level 4 in Armour
   583 | D:2      | Reached XP level 3. HP: 24/33 MP: 2/2
   641 | D:2      | Found an ancient bone altar of Kikubaaqudgha.
   764 | D:2      | Noticed Crazy Yiuf
   770 | D:2      | Killed Crazy Yiuf
  1321 | D:2      | Reached XP level 4. HP: 41/41 MP: 3/3
  2150 | D:3      | You fall through a shaft for 3 floors!
  2205 | D:6      | Reached skill level 1 in Dodging
  2205 | D:6      | Reached XP level 5. HP: 30/47 MP: 4/4
  2216 | D:6      | Noticed a giant frog
  2227 | D:6      | Killed a giant frog
  2227 | D:6      | Reached skill level 5 in Shields
  2365 | D:6      | Found Cappohud's Armour Boutique.
  2448 | D:5      | Entered Level 5 of the Dungeon
  2453 | D:5      | Noticed Grinder
  2498 | D:4      | Reached XP level 6. HP: 28/55 MP: 5/5
  2967 | D:4      | Reached skill level 5 in Armour
  2986 | D:4      | Noticed an ogre
  2991 | D:4      | Killed an ogre
  2991 | D:4      | Reached skill level 5 in Fighting
  3562 | D:5      | Noticed Dowan
  3564 | D:5      | Noticed Duvessa
  3586 | D:5      | Killed Duvessa
  3586 | D:5      | Reached XP level 7. HP: 41/61 MP: 3/6
  3627 | D:5      | Killed Dowan
  3649 | D:5      | Found an opulent altar of Gozag.
  3715 | D:5      | Paralysed by Grinder for 2 turns
  3739 | D:5      | Paralysed by Grinder for 2 turns
  3747 | D:5      | Paralysed by Grinder for 5 turns
  4007 | D:5      | Paralysed by Grinder for 4 turns
  4037 | D:5      | Killed Grinder
  4037 | D:5      | Reached skill level 5 in Maces & Flails
  4037 | D:5      | Reached skill level 6 in Armour
  4037 | D:5      | Reached skill level 1 in Stealth
  4683 | D:6      | Noticed an ogre
  4690 | D:6      | Reached XP level 8. HP: 70/70 MP: 7/7
  4700 | D:6      | Killed an ogre
  4700 | D:6      | Reached skill level 7 in Armour
  4907 | D:6      | Found a basalt altar of Yredelemnul.
  4943 | D:6      | Noticed a giant frog
  4958 | D:6      | Killed a giant frog
  5247 | D:7      | Reached skill level 8 in Armour
  5302 | D:7      | Found a staircase to the Ecumenical Temple.
  5577 | D:7      | Found a snail-covered altar of Cheibriados.
  5720 | D:8      | Found a glowing silver altar of Zin.
  5729 | D:8      | Found a staircase to the Lair.
  5752 | D:8      | Reached XP level 9. HP: 63/78 MP: 8/8
  6053 | D:8      | Found a deep blue altar of Sif Muna.
  6056 | D:8      | Found a shadowy altar of Dithmenos.
  6342 | Lair:1   | Entered Level 1 of the Lair of Beasts
  6343 | Lair:1   | Noticed a spiny frog
  6351 | Lair:1   | Killed a spiny frog
  6484 | Lair:1   | Reached skill level 9 in Armour
  6793 | Lair:1   | Noticed a fire drake
  6796 | Lair:1   | Noticed a spiny frog
  6800 | Lair:1   | HP: 1/81 [fire drake/blast of flame (11)]
  6801 | Lair:1   | Slain by a spiny frog

Vault maps used:
D:1:      erik_arrival_blinker_ship, minivault_26
D:2:      overflow_temple_1_default, uniq_crazy_yiuf_cottage
D:3:      kennysheep_big_flooded_room
D:4:      hex_large
D:5:      grunt_gozag_statues, first_bread, minivault_4, uniq_duvessa,
          uniq_grinder
D:6:      yredelemnul_altar_generic, serial_shops, shop
D:7:      slow_altar_2, minmay_temple_entry_grid
D:8:      nicolae_overflow_hidden_temple, old_standard_altar, lair_0_dummy,
          serial_bayou_pond_d
Lair:1:   lemuel_fruit_tree, infiniplex_staircase_pool_2, grunt_megastairs_2

Action                   |  1- 3 |  4- 6 |  7- 9 || total
-------------------------+-------+-------+-------++-------
Melee: Flail             |    62 |       |    78 ||   140
       Hammer            |    21 |   151 |   130 ||   302
       Dire flail        |       |       |   100 ||   100
Evoke: Wand              |       |       |     1 ||     1
  Use: Scroll            |     5 |       |    11 ||    16
       Potion            |       |       |     2 ||     2
  Eat: Chunk             |     1 |     7 |    10 ||    18
